 Dungeon Crawl Stone Soup version 0.19-a0-1021-g80cc50c (webtiles) character file.

1018 Ijustatesigmund the Chopper (level 8, 65/65 HPs)
             Began as a Demonspawn Berserker on July 27, 2016.
             Was a High Priest of Trog.
             Quit the game on level 5 of the Dungeon.
             The game lasted 00:10:41 (4729 turns).

Ijustatesigmund the Chopper (Demonspawn Berserker)  Turns: 4729, Time: 00:10:42

Health: 65/65      AC: 10    Str: 19    XL:     8   Next: 2%
Magic:  8/8        EV:  8    Int:  8    God:    Trog [*****.]
Gold:   131        SH:  0    Dex: 14    Spells: 0 memorised, 7 levels left

rFire  . . .     SeeInvis .     y - +2 battleaxe (elec)
rCold  . . .     Gourm    .     i - +0 chain mail
rNeg   . . .     Faith    +     (shield currently unavailable)
rPois  .         Spirit   +     w - +1 hat
rElec  .         Dismiss  .     h - +0 cloak (curse)
rCorr  .         Reflect  .     (no gloves)
SustAt .         Harm     .     (no boots)
MR     .....                    p - amulet of faith
Stlth  ..........               (no ring)
                                (no ring)

@: not resistant to hostile enchantments, extremely unstealthy
A: horns 2, magic shield, rot immunity
a: Berserk, Trog's Hand, Brothers in Arms, Burn Spellbooks, Renounce Religion


You were on level 5 of the Dungeon.
You worshipped Trog.
Trog was extremely pleased with you.
You were not hungry.

You visited 1 branch of the dungeon, and saw 5 of its levels.

You collected 313 gold pieces.
You spent 182 gold pieces at shops.

Inventory:

Hand Weapons
 u - a +0 war axe
 y - a +2 battleaxe of electrocution (weapon)
Armour
 h - a cursed +0 cloak (worn)
 i - a +0 chain mail (worn)
 w - a +1 hat (worn)
Jewellery
 d - an uncursed ring of ice
 l - an uncursed amulet of rage {unknown}
 p - an amulet of faith (around neck)
 t - a +4 ring of intelligence {unknown}
Scrolls
 o - 2 scrolls of magic mapping
 v - a scroll of teleportation
 x - a scroll of identify
 A - 2 scrolls of noise {unknown}
Potions
 a - a potion of ambrosia {unknown}
 b - a potion of flight
 e - a potion of lignification
 g - 2 potions of haste
 j - a potion of degeneration {unknown}
 m - 2 potions of agility {unknown}
 r - 2 potions of might
 s - a potion of curing
 z - 2 potions of heal wounds
Comestibles
 c - 4 bread rations
 f - 3 meat rations
 k - 2 beef jerkies
 q - a royal jelly


   Skills:
 + Level 6.4 Fighting
 + Level 7.1 Axes
 + Level 2.1 Armour
 - Level 1.7 Dodging


You had 7 spell levels left.
You didn't know any spells.

Dungeon Overview and Level Annotations

Branches:
Dungeon (5/15)             Temple (0/1) D:4

Altars:
Pakellas
Qazlal
Beogh

Shops:
D:5 !


Innate Abilities, Weirdness & Mutations

You have a pair of horns on your head.
When hurt, damage is shared between your health and your magic reserves.
You are immune to rotting.


Message History

The ice beast is lightly wounded.
The ice beast hits you but does no damage.
The ice beast hits you. The ice beast freezes you!
You slash the ice beast!
There is a sudden explosion of sparks!
Your headbutt misses the ice beast.
The ice beast is almost dead.
The ice beast hits you but does no damage.
You hit the ice beast but do no damage. You headbutt the ice beast.
You kill the ice beast!
Trog accepts your kill.
Your Armour skill increases to level 2!
You have reached level 8!
You feel stronger.
Your demonic ancestry asserts itself...
You feel immune to rotting.
You start resting.
Magic restored.
You start resting.
All of the chunks of flesh in your inventory have rotted away.
HP restored.
Are you sure you want to abandon this character and quit the game? (Confirm with "yes".)

#..........#
#..........#
#....####### #####
####....#
#....###..#....#
#....#....'....#
#....#....#....#######
#...>#....#####......#
#....@........#.....[#
#....#........#......#
#....#######+##......#
...##..............#####
.# #..............#
+..............#
#..............#
#..............#
..............#####


There were no monsters in sight!

Vanquished Creatures
  Menkaure (D:4)
  An orc warrior (D:4)
  An ice beast (D:5)
  A howler monkey (D:4)
  3 orc priests
  2 hounds
  5 orc wizards
  2 iguanas (D:4)
  4 worker ants
  A hound skeleton (D:5)
  3 gnolls (D:2)
  4 adders
  A shadow imp (D:5)
  2 oozes (D:3)
  3 worms
  2 dart slugs
  7 giant geckos
  23 orcs
  A ball python (D:2)
  11 bats
  4 giant cockroaches
  5 goblins
  11 hobgoblins
  8 jackals
  9 kobolds
  A quokka (D:3)
  5 giant newts
  4 rats
125 creatures vanquished.

Notes
Turn   | Place    | Note
-------+----------+-------------------------------------------
     0 | D:1      | Ijustatesigmund the Demonspawn Berserker began the quest for the Orb.
     0 | D:1      | Reached XP level 1. HP: 18/18 MP: 1/1
   234 | D:1      | Reached skill level 3 in Axes
   490 | D:1      | Gained mutation: You have a pair of small horns on your head. [demonic ancestry]
   490 | D:1      | Reached XP level 2. HP: 24/24 MP: 2/2
   924 | D:1      | Reached ** piety under Trog
  1114 | D:1      | Reached XP level 3. HP: 29/29 MP: 3/3
  1316 | D:2      | Reached skill level 4 in Axes
  1567 | D:2      | Reached XP level 4. HP: 35/35 MP: 4/4
  2351 | D:3      | Reached *** piety under Trog
  2360 | D:3      | Reached skill level 5 in Axes
  2360 | D:3      | Gained mutation: You have a pair of horns on your head. [demonic ancestry]
  2360 | D:3      | Reached XP level 5. HP: 13/41 MP: 5/5
  2815 | D:3      | Found an oddly glowing altar of Pakellas.
  2984 | D:3      | Found a stormy altar of Qazlal.
  3109 | D:4      | Noticed Menkaure
  3112 | D:4      | Reached **** piety under Trog
  3118 | D:4      | Killed Menkaure
  3118 | D:4      | Reached XP level 6. HP: 49/49 MP: 6/6
  3125 | D:4      | Reached skill level 5 in Fighting
  3128 | D:4      | Reached skill level 6 in Axes
  3226 | D:4      | Gained mutation: When hurt, damage is shared between your health and your magic reserves. [demonic ancestry]
  3226 | D:4      | Reached XP level 7. HP: 43/56 MP: 7/7
  4013 | D:4      | Found a staircase to the Ecumenical Temple.
  4202 | D:4      | Found a roughly hewn altar of Beogh.
  4321 | D:5      | Entered Level 5 of the Dungeon
  4379 | D:5      | Reached ***** piety under Trog
  4453 | D:5      | Reached skill level 7 in Axes
  4494 | D:5      | Found Kifreqim's Distillery.
  4502 | D:5      | Bought a potion of heal wounds for 65 gold pieces
  4502 | D:5      | Bought a potion of heal wounds for 65 gold pieces
  4502 | D:5      | Bought a potion of might for 52 gold pieces
  4512 | D:5      | Received a gift from Trog
  4612 | D:5      | Gained mutation: You are immune to rotting. [demonic ancestry]
  4612 | D:5      | Reached XP level 8. HP: 41/65 MP: 4/8
  4729 | D:5      | Quit the game

Vault maps used:
D:1:      dpeg_arrival_rooms_a
D:2:      serial_co_window_serial, co_window_of_opportunity_a,
          co_window_corner_a, co_window_cross_1, co_window_paths_a,
          co_window_corner_a, co_window_cross_1, co_window_paths_a,
          co_window_paths_a, co_window_of_opportunity_a, co_window_paths_c,
          co_window_paths_c, co_window_corner_cb, co_window_unsneaky_path_b,
          glass_columns_b, glass_columns_c, glass_columns_a
D:3:      nicolae_qazlal_general_emergency, grunt_pakellas_basics
D:4:      first_bread, kennysheep_orc_chapel, uniq_menkaure
D:5:      serial_shops, nicolae_shop_temple_entry_statues_fountains

Skill      XL: |  1  2  3  4  5  6  7 |
---------------+----------------------+-----
Axes           | 3 4 5 6 7 |  7.1
Fighting       | 4 5 6 |  6.4
Armour         | 2 |  2.1
Dodging        | |  1.7

Action                   |  1- 3 |  4- 6 |  7- 9 || total
-------------------------+-------+-------+-------++-------
Melee: Hand axe          |   109 |   165 |       ||   274
       Headbutt          |    12 |    25 |    17 ||    54
       War axe           |       |     6 |   107 ||   113
       Battleaxe         |       |       |     5 ||     5
Invok: Berserk           |     2 |     2 |     2 ||     6
  Use: Scroll            |     3 |     4 |     2 ||     9
  Eat: Chunk             |     3 |     9 |     5 ||    17
       Pizza             |       |       |     1 ||     1
Armor: Animal skin       |    11 |       |       ||    11
       Chain mail        |    49 |    74 |    85 ||   208
Dodge: Dodged            |    51 |    48 |    41 ||   140
